 Dungeon Crawl Stone Soup version 0.27.0-66-gdc8fb28755 (webtiles) character file.

Game seed: 1784318605052262368

6183 Naeght the Destroyer (level 10, -11/83 HPs)
             Began as a Black Draconian Conjurer on Aug 21, 2021.
             Was a Follower of Sif Muna.
             Killed by the air
             ... invoked by Gastronok
              (23 damage)
             ... on level 8 of the Dungeon.
             The game lasted 00:33:13 (16050 turns).

Naeght the Destroyer (Black Draconian Conjurer)    Turns: 16050, Time: 00:33:14

Health: -11/83     AC:  7    Str:  9    XL:     10   Next: 60%
Magic:  11/21      EV: 14    Int: 22    God:    Sif Muna [*.....]
Gold:   364        SH:  5    Dex: 10    Spells: 14/23 levels left

rFire    . . .     SeeInvis +   g - +2 dagger (venom)
rCold    . . .     Faith    .   (no shield)
rNeg     . . .     Spirit   .   (armour unavailable)
rPois    +         Reflect  +   (helmet restricted)
rElec    +         Harm     .   i - scarf {repulsion}
rCorr    .         Rampage  .   (no gloves)
Will     .....                  (no boots)
Stlth    ++........             f - amulet of reflection
HPRegen  0.23/turn              m - ring of see invisible
MPRegen  0.17/turn              C - ring of poison resistance

@: mesmerised, repel missiles
A: breathe lightning, AC +7, unfitting armour, electricity resistance,
cold-blooded
a: Breathe Lightning, Renounce Religion, Channel Magic


You were on level 8 of the Dungeon.
You worshipped Sif Muna.
Sif Muna was aware of your devotion.
You visited 2 branches of the dungeon, and saw 9 of its levels.

You collected 364 gold pieces.

Inventory:

Hand Weapons
 d - a +0 arbalest
 g - a +2 dagger of venom (weapon)
Missiles
 a - 312 stones
 l - 28 bolts
 w - 4 throwing nets
Armour
 i - a scarf of repulsion (worn)
Jewellery
 f - an amulet of reflection (around neck)
 m - a ring of see invisible (left hand)
 C - a ring of poison resistance (right hand)
Wands
 u - a wand of mindburst (36)
 B - a wand of paralysis (9)
Scrolls
 b - 5 scrolls of magic mapping
 c - 3 scrolls of teleportation
 h - a scroll of fear
 j - a scroll of summoning {unknown}
 k - 3 scrolls of amnesia {unknown}
 q - 2 scrolls of noise {unknown}
 v - 7 scrolls of identify
 y - 2 scrolls of silence {unknown}
Potions
 e - 3 potions of curing
 n - 3 potions of might {unknown}
 o - a potion of attraction
 p - 3 potions of heal wounds
 r - 4 potions of degeneration {unknown}
 s - 2 potions of haste {unknown}
 t - a potion of invisibility {unknown}
 x - a potion of flight {unknown}
 z - 2 potions of brilliance {unknown}
 A - a potion of magic {unknown}


   Skills:
 + Level 6.3 Fighting
 - Level 3.2 Short Blades
 + Level 7.4 Dodging
 - Level 2.5 Stealth
 + Level 7.3 Spellcasting
 + Level 9.1 Conjurations
 + Level 3.0 Hexes
 + Level 3.1 Invocations


You had 14 spell levels left.
You knew the following spells:

 Your Spells              Type           Power      Damage    Failure   Level
a - Magic Dart            Conj           100%       1d8       1%          1
b - Searing Ray           Conj           96%        3d7       1%          2
c - Conjure Flame         Conj/Fire      28%        6-21      3%          3
d - Dazzling Flash        Conj/Hex       70%        N/A       1%          3

Your spell library contained the following spells:

 Spells                   Type           Power      Damage    Failure   Level
 Corona                   Hex            23%        N/A       2%          1
 Fulminant Prism          Conj/Hex       17%        3d11      6%          4
 Animate Skeleton         Necr           16%        N/A       8%          1
 Apportation              Tloc           16%        N/A       8%          1
 Summon Small Mammal      Summ           32%        N/A       8%          1
 Iskenderun's Mystic Bla  Conj/Tloc      28%        2d7       12%         4
 Sticky Flame             Conj/Fire      28%        2d5       12%         4
 Ignite Poison            Fire/Tmut/Pois 8%         N/A       24%         3


Dungeon Overview and Level Annotations

Branches:
Dungeon (8/15)             Temple (1/1) D:5
   Lair: D:8-11

Altars:
Ashenzari
Cheibriados
Elyvilon
Fedhas
Gozag
Hepliaklqana
Kikubaaqudgha
Makhleb
Nemelex Xobeh
Okawaru
Ru
Sif Muna
Trog
Uskayaw
Vehumet
Wu Jian
Xom
Zin
The Shining One
Beogh

Shops:
D:6 :

Annotations:
D:8 1 runed translucent door, Gastronok; Maggie; finalDestination's ghost, novice DjCj


Innate Abilities, Weirdness & Mutations

You can breathe wild blasts of lightning.
Your glossy black scales are hard. (AC +7)
You cannot fit into any form of body armour.
You are resistant to electric shocks. (rElec)
You are cold-blooded and may be slowed by cold attacks.


Message History

Maggie hits you with a +0 scimitar of flaming!
* * * LOW HITPOINT WARNING * * *
Maggie burns you.
* * * LOW HITPOINT WARNING * * *
Unknown command.
The searing ray hits Maggie!
Maggie is moderately wounded.
The searing ray hits Gastronok!
Gastronok is heavily wounded.
Maggie closely misses you.
The searing ray hits Maggie!
Maggie is heavily wounded.
The searing ray hits Gastronok!
Gastronok is heavily wounded.
Maggie barely misses you.
The searing ray hits Maggie!
Maggie is severely wounded.
The searing ray hits Gastronok!
Gastronok is severely wounded.
You finish channeling your searing ray.
Maggie closely misses you.
Maggie practices a pose.
Maggie gestures at you while chanting. The bolt of fire misses you.
Casting: Searing Ray (safe; 1% risk of failure)
Confirm with . or Enter, or press ? or * to list all spells.
Aiming: Searing Ray (safe; 1% risk of failure)
Press: ? - help, Shift-Dir - straight line, f/p - Gastronok
Aim: Gastronok, wearing a +2 hat (severely wounded, 100% to hit)
The searing ray hits Maggie!
Maggie is almost dead.
The searing ray hits Gastronok!
Gastronok is severely wounded. (Press . to maintain the ray.) Maggie hits you with a +0 scimitar of flaming!
* * * LOW HITPOINT WARNING * * *
Maggie burns you.
* * * LOW HITPOINT WARNING * * *
Gastronok waves his eye-stalks in wide circles.
The air twists around and strikes you!!
You die...

..#....#.....+
.≈.≈.≈.≈.≈.≈.≈..
..##...##....#
...≈...≈...≈...≈≈
####....#....#
≈≈.≈.≈.≈.≈.≈.≈.≈≈≈
#........##≈;≈...≈.#.;...@≈≈#
#.8.......##≈≈≈.≈.≈.≈.≈.≈≈≈#
#......<...##≈≈≈...≈...w≈≈#
#.)..#.......##≈≈≈.≈.≈.≈≈≈#
#...##........##≈≈≈...≈;≈##
#.... #.......@###≈≈...≈≈##
#.>. #........@w###'''###
#...###......###.......#
#####...###.## #########
#...<#### #..# ....#### #..#
## #.####### ##.......##
##...#.#...##


You could see Gastronok and Maggie (mesmerising).

Vanquished Creatures
  Erica (D:8)
  The ghost of loansindi the Conjurer, an amateur DrCj of Wu Jian (D:4)
  Prince Ribbit (D:6)
  Sigmund (D:2)
  8 yaks
  2 steam dragons
  2 water moccasins
  An acid dragon (D:8)
  A black bear (D:7)
  An orc warrior (D:7)
  An ice beast (D:4)
  2 necrophages (D:7)
  2 sky beasts
  4 ogres
  A centaur (D:8)
  A phantom (D:6)
  A kobold brigand (D:4)
  The ghost of growler the Gusty, an amateur TeAE (D:3)
  2 bullfrogs
  A wyvern zombie (D:8)
  A scorpion (D:5)
  A water moccasin zombie (D:7)
  A wyvern skeleton (D:7)
  5 killer bees
  A howler monkey (D:7)
  A bullfrog zombie (D:7)
  2 centaur zombies
  2 jellies (D:5)
  A gnoll shaman (D:7)
  5 orc priests
  A centaur skeleton (D:5)
  6 hounds
  A bullfrog skeleton (D:6)
  5 iguanas
  8 orc wizards
  2 killer bee zombies
  Robin (D:2)
  A howler monkey skeleton (D:6)
  7 adders
  20 gnolls
  A shadow imp (D:7)
  2 white imps
  An ufetubus (D:7)
  2 worms
  2 dart slugs
  20 orcs
  8 bats
  8 endoplasms
  4 giant cockroaches
  18 goblins
  11 hobgoblins
  10 quokkas
  4 ball pythons
  3 frilled lizards
  18 kobolds
  5 rats
224 creatures vanquished.

Vanquished Creatures (others)
  A ball python (D:4)
  A quokka (D:4)
  3 fungi
  12 plants
17 creatures vanquished.

Grand Total: 241 creatures vanquished

Notes
Turn   | Place    | Note
-------+----------+-------------------------------------------
     0 | D:1      | Naeght the Draconian Conjurer began the quest for the Orb.
     0 | D:1      | Reached XP level 1. HP: 14/14 MP: 3/3
   758 | D:1      | Reached XP level 2. HP: 20/20 MP: 1/5
   769 | D:1      | Learned a level 2 spell: Searing Ray
  1209 | D:1      | Found a faded altar of an unknown god.
  1931 | D:2      | Reached XP level 3. HP: 26/26 MP: 2/6
  1993 | D:2      | Noticed Sigmund
  2015 | D:2      | Killed Sigmund
  2016 | D:2      | Reached skill level 1 in Short Blades
  2016 | D:2      | Reached skill level 5 in Conjurations
  2016 | D:2      | Reached XP level 4. HP: 34/34 MP: 0/7
  2016 | D:2      | Reached XP level 5. HP: 39/39 MP: 0/8
  2753 | D:2      | Noticed Robin
  2766 | D:2      | Killed Robin
  3189 | D:3      | Reached skill level 1 in Fighting
  3189 | D:3      | Reached XP level 6. HP: 47/47 MP: 6/10
  3484 | D:3      | Found a runed translucent gate.
  3484 | D:3      | Found a runed translucent gate.
  3486 | D:3      | Found a runed translucent gate.
  3487 | D:3      | Noticed growler's ghost (amateur TeAE)
  3489 | D:3      | Identified the +2 short sword of Bost {speed, Int+3}
  3489 | D:3      | Identified the +4 scale mail of the Thistle {Str+4 Int+4
                  | Dex+4}
  3861 | D:3      | Found a shimmering altar of Xom.
  4783 | D:3      | Found an ornate altar of the Wu Jian Council.
  5605 | D:3      | Killed growler's ghost
  5606 | D:3      | Your scales start taking on a glossy black colour.
  5606 | D:3      | Reached XP level 7. HP: 52/55 MP: 4/12
  5606 | D:3      | Gained mutation: You are resistant to electric shocks.
                  | (rElec) [Black Draconian growth]
  6272 | D:4      | Noticed a steam dragon
  6284 | D:3      | Killed a steam dragon
  6285 | D:3      | Reached skill level 6 in Conjurations
  7038 | D:4      | Reached XP level 8. HP: 59/62 MP: 7/14
  7306 | D:4      | Found a runed translucent gate.
  7306 | D:4      | Found a runed translucent gate.
  7306 | D:4      | Found a runed translucent gate.
  7309 | D:4      | Noticed loansindi's ghost (amateur DrCj)
  7506 | D:4      | Killed loansindi's ghost
  7733 | D:5      | Entered Level 5 of the Dungeon
  7733 | D:5      | Found a bloodstained altar of Trog.
  7759 | D:4      | Reached skill level 5 in Dodging
  7944 | D:5      | Reached skill level 7 in Conjurations
  7949 | D:5      | Reached skill level 5 in Spellcasting
  9716 | D:5      | Learned a level 3 spell: Conjure Flame
  9720 | D:5      | Learned a level 3 spell: Dazzling Flash
  9735 | D:5      | Found a staircase to the Ecumenical Temple.
  9955 | D:5      | Found a broken altar of Ashenzari.
  9965 | D:5      | Reached XP level 9. HP: 69/69 MP: 13/17
 10378 | Temple   | Entered the Ecumenical Temple
 10619 | Temple   | Became a worshipper of Sif Muna the Loreminder
 10733 | D:6      | Found a blossoming altar of Fedhas.
 10734 | D:6      | Noticed Prince Ribbit
 10744 | D:6      | Killed Prince Ribbit
 11104 | D:6      | Reached skill level 8 in Conjurations
 11551 | D:6      | Found Ahys's Book Shoppe.
 11614 | D:6      | Reached skill level 5 in Fighting
 11614 | D:6      | Reached skill level 1 in Hexes
 12138 | D:6      | Reached * piety under Sif Muna
 12579 | D:7      | Found an iron altar of Okawaru.
 13218 | D:7      | Reached XP level 10. HP: 29/81 MP: 2/20
 13702 | D:7      | Reached skill level 1 in Invocations
 15109 | D:8      | Reached skill level 9 in Conjurations
 15434 | D:8      | Noticed Erica
 15456 | D:8      | Killed Erica
 15912 | D:8      | Found a runed translucent door.
 15913 | D:8      | Noticed finalDestination's ghost (novice DjCj)
 15914 | D:8      | Identified the +7 spear "Puqeam" {freeze, rC+}
 15953 | D:8      | Found a radiant altar of Vehumet.
 16013 | D:8      | Noticed Gastronok
 16015 | D:8      | Noticed Maggie
 16050 | D:8      | Killed from afar by Gastronok

Illustrated notes

Levels and vault maps discovered:
D:1:      dpeg_arrival_simpleton_a, layout_basic, ebering_ecumenical_altar_hall,
          hex_large, item_on_display_a
D:2:      layout_basic, uniq_robin, uniq_sigmund
D:3:      layout_loops_corners, nicolae_wu_jian_glorious_leap, tgw_xom,
          biasface_ghost_orc_armoury, dk_noncrumbling_2,
          minmay_misc_feat_four_crosses, minmay_door_square, glass_columns_c,
          grunt_decor_resistance, st_stairs_9
D:4:      layout_rooms, gammafunk_ghost_nasty_kobolds
D:5:      layout_loops_ring, mainiacjoe_overflow_six_doors_small,
          mainiacjoe_overflow_paths, minmay_temple_entry_junction
D:6:      layout_cave_pods, fedhas_altar_2, serial_shops,
          nicolae_shop_waterfront, kennysheep_diamond, serial_park_tiny_1,
          hangedman_abyss_or_decor_stagger, uniq_prince_ribbit1
D:7:      minmay_thinvault, layout_basic, mainiacjoe_overflow_chevrons
D:8:      layout_rooms, mainiacjoe_overflow_cross_hatched,
          nicolae_vehumet_radiance, ebering_ghost_funeral_grove,
          grunt_ministairs_12, kennysheep_cluttered_room, supply_closet_lemuel,
          uniq_erica, uniq_maggie, uniq_gastronok
Temple:   minmay_temple_bridge_abc

Skill      XL: |  1  2  3  4  5  6  7  8  9 10 |
---------------+-------------------------------+-----
Dodging        | 2 3 4 5 6 7 |  7.4
Short Blades   | 1 2 3 |  3.2
Stealth        | 2 |  2.5
Conjurations   | 5 6 7 8 9 |  9.1
Fighting       | 1 2 3 5 6 |  6.3
Spellcasting   | 3 4 5 6 7 |  7.3
Hexes          | 1 3 |  3.0
Invocations    | 3 |  3.1

Action                   |  1- 3 |  4- 6 |  7- 9 | 10-12 || total
-------------------------+-------+-------+-------+-------++-------
Melee: Unarmed           |    34 |       |       |       ||    34
       Short sword       |     5 |       |       |       ||     5
       Tailslap          |     3 |     8 |    13 |     5 ||    29
       Dagger            |    36 |   167 |   133 |    33 ||   369
Throw: Stone             |     1 |       |       |       ||     1
 Cast: Magic Dart        |    28 |    38 |   204 |    44 ||   314
       Searing Ray       |     1 |     5 |    29 |    25 ||    60
       Dazzling Flash    |       |       |     3 |       ||     3
 Abil: Breathe Lightning |       |       |     3 |     2 ||     5
  Use: Scroll            |     1 |     1 |     5 |       ||     7
       Potion            |     1 |       |       |       ||     1
 Stab: Sleeping          |     2 |     3 |       |       ||     5
Armor: Skin              |    21 |    58 |    60 |    23 ||   162
Dodge: Dodged            |    50 |    84 |   131 |    88 ||   353
       Repelled          |       |     4 |       |     2 ||     6
Block: Other             |       |       |    13 |    17 ||    30
       Reflection        |       |       |       |     2 ||     2
